 Dungeon Crawl Stone Soup version 0.30-a0-1082-g70414cbcbb (webtiles) character file.

Game seed: 7135702564486979822

245 bande the Covered (level 6, 0/38 HPs)
             Began as a Gargoyle Fighter on Apr 15, 2023.
             Slain by a gnoll
             ... wielding a +3 halberd of flaming
              (1 damage)
             ... on level 3 of the Dungeon.
             The game lasted 00:05:07 (2681 turns).

bande the Covered (Gargoyle Fighter)                Turns: 2681, Time: 00:05:08

Health: 0/38       AC: 12    Str: 19    XL:     6   Next: 10%
Magic:  6/6        EV:  9    Int:  9    God:
Gold:   158        SH:  5    Dex: 17    Spells: 5/5 levels left

rFire   . . .      SeeInvis .    a - +0 war axe
rCold   . . .      Faith    .    c - +0 buckler
rNeg    + . .      Spirit   .    b - +0 scale mail
rPois   ∞          Reflect  .    g - +0 helmet
rElec   +          Rampage  .    (no cloak)
rCorr   .                        (no gloves)
Will    .....                    (no boots) Stlth
                                 (no amulet)
HPRegen 0.26/turn                l - +6 ring of dexterity
MPRegen 0.10/turn                (no ring)

@: no status effects
A: sickness immunity, AC +4, negative energy resistance 1, electricity
resistance, torment resistance 1, petrification resistance
a: no special abilities


You were on level 3 of the Dungeon.
You visited 1 branch of the dungeon, and saw 4 of its levels.

You collected 158 gold pieces.

Inventory:

Hand Weapons
 a - a +0 war axe (weapon)
Armour
 b - a +0 scale mail (worn)
 c - a +0 buckler (worn)
 g - a +0 helmet (worn)
Jewellery
 j - a +5 ring of evasion
 l - a +6 ring of dexterity (left hand)
Scrolls
 e - a scroll of identify
 f - a scroll of summoning
 i - a scroll of teleportation
Potions
 d - a potion of might
 h - a potion of heal wounds
 k - 2 potions of curing
 m - 2 potions of resistance
 o - a potion of haste


   Skills:
 + Level 4.0 Fighting
 + Level 4.0(4.1) Axes
 - Level 0.5(2.7) Maces & Flails
 - Level 1.1(2.7) Polearms
 + Level 4.2 Armour
 + Level 4.1 Shields


You had 5 spell levels left.
You didn't know any spells.
Your spell library contained the following spells:

 Spells                   Type           Power      Damage    Failure   Level
 Inner Flame              Hex/Fire       0%         N/A       99%         3
 Yara's Violent Unravell  Hex/Tmut       0%         3d3       100%        5
 Enfeeble                 Hex            0%         N/A       100%        7


Dungeon Overview and Level Annotations

Branches:
Dungeon (4/15)
 Temple: D:4-7

Altars:
Cheibriados


Innate Abilities, Weirdness & Mutations

You are immune to sickness and miasma.
Your stone body is resilient. (AC +4)
You are immune to poison.
You resist negative energy. (rN+)
You are resistant to electric shocks. (rElec)
You are resistant to unholy torment.
You are immune to petrification.


Message History

You are too injured to fight recklessly!
You are too injured to fight recklessly!
You are too injured to fight recklessly!
You are too injured to fight recklessly!
You are too injured to fight recklessly!
You are too injured to fight recklessly!
You are too injured to fight recklessly!
You feel much better. The gnoll closely misses you.
The gnoll hits you from afar with a +3 halberd of flaming.
The gnoll burns you.
You barely miss the gnoll.
The gnoll is lightly wounded.
The gnoll hits you but does no damage.
The gnoll hits you from afar with a +3 halberd of flaming.
The gnoll burns you.
The gnoll hits you from afar with a +3 halberd of flaming.
The gnoll burns you. The gnoll misses you.
You hit the gnoll.
The gnoll is heavily wounded.
The gnoll hits you but does no damage. The gnoll barely misses you.
Unknown command.
You slash the gnoll!
You kill the gnoll!
You block the gnoll's attack.
Your Fighting skill increases to level 4!
Your Axes skill increases to level 4!
Unknown command.
The gnoll hits you but does no damage. The gnoll barely misses you.
Things that are here:
a +0 whip; a gnoll corpse You hit the gnoll but do no damage.
The gnoll hits you but does no damage.
The gnoll hits you with a +3 halberd of flaming!
The gnoll burns you.
* * * LOW HITPOINT WARNING * * *
The gnoll hits you from afar with a +0 spear.
* * * LOW HITPOINT WARNING * * *
The gnoll hits you with a +3 halberd of flaming!
* * * LOW HITPOINT WARNING * * *
The gnoll burns you.
You die...

#.# #.#
####.#
#....#
###.####
######...#
#....#.###
#.##.#.#
#@##.#.####
#g##.#....#
.g##.####.#
#####†# #.#
###.## #.#
#....# #.#
#.######.#
#.# #..†.#
#.# #.####


You could see 2 gnolls.

Vanquished Creatures
  An ogre (D:4)
  An orc wizard (D:3)
  4 gnolls
  An adder (D:4)
  3 worms
  3 dart slugs
  2 orcs (D:3)
  10 ball pythons
  5 bats
  10 endoplasms
  2 giant cockroaches (D:1)
  6 hobgoblins
  3 jackals (D:2)
  3 quokkas
  3 frilled lizards
  4 goblins
  8 kobolds
  5 rats
74 creatures vanquished.

Notes
Turn   | Place    | Note
-------+----------+-------------------------------------------
     0 | D:1      | bande the Gargoyle Fighter began the quest for the Orb.
     0 | D:1      | Reached XP level 1. HP: 14/14 MP: 1/1
    87 | D:1      | Reached XP level 2. HP: 14/19 MP: 2/2
   283 | D:1      | Reached skill level 1 in Polearms
   350 | D:1      | Reached XP level 3. HP: 23/23 MP: 3/3
   537 | D:1      | Found a faded altar of an unknown god.
  1013 | D:2      | Reached XP level 4. HP: 28/28 MP: 4/4
  1451 | D:3      | Found a snail-covered altar of Cheibriados.
  1555 | D:4      | Noticed an ogre
  1569 | D:4      | Killed an ogre
  1570 | D:4      | Reached XP level 5. HP: 29/33 MP: 5/5
  2480 | D:3      | Reached XP level 6. HP: 29/38 MP: 6/6
  2681 | D:3      | HP: 1/38 [gnoll/+3 halberd of flaming (8)]
  2681 | D:3      | Slain by a gnoll

Illustrated notes

Levels and vault maps discovered:
D:1:      dpeg_arrival_tiny_d, layout_loops_cross, ebering_ecumenical_altar_rust
D:2:      layout_loops_ring, hangedman_abyss_or_decor_lesser_grid
D:3:      layout_basic, lemuel_doored_altar
D:4:      layout_gridville, serial_shops, nicolae_shop_drivethru,
          nicolae_shop_behind_doors, nicolae_shop_just_a_little_nook,
          nicolae_shop_crystal, shop

Skill      XL: |  1  2  3  4  5  6 |
---------------+-------------------+-----
Polearms       | 1 |  1.1
Axes           | 2 3 4 |  4.0
Shields        | 4 |  4.1
Armour         | 4 |  4.2
Fighting       | 4 |  4.0
Maces & Flails | |  0.5

Action                     |  1- 3 |  4- 6 || total
---------------------------+-------+-------++-------
  Melee: War axe           |    90 |    97 ||   187
    Use: Scroll            |     8 |     3 ||    11
         Potion            |       |     1 ||     1
 Armour: Scale mail        |    40 |    41 ||    81
  Dodge: Dodged            |    38 |    60 ||    98
  Block: Buckler           |    20 |    38 ||    58

Table legend: (Time is in decaauts)
 A = Elapsed time spent in this place.
 B = Non-inter-level travel time spent in this place.
 C = Inter-level travel time spent in this place.
 D = Time resting spent in this place.
 E = Time spent auto-exploring this place.
 F = Levels seen in this place.
 G = Mean time per level.
                   A        B        C        D        E       F      G
               +--------+--------+--------+--------+--------+-----+--------+
         Total |   2759 |   2740 |     19 |    859 |   1250 |   4 |  689.8 |
       Dungeon |   2759 |   2740 |     19 |    859 |   1250 |   4 |  689.8 |
               +--------+--------+--------+--------+--------+-----+--------+

Top non-repeatable levels by time:
     D:4: 946 daAuts
     D:2: 745 daAuts
     D:1: 687 daAuts
     D:3: 380 daAuts
